[Event "ICC Open 2015"]
[Site "Internet Chess Club"]
[Date "2015.05.30"]
[Round "9"]
[White "daddyo"]
[Black "chessfidebullet"]
[Result "1-0"]
[ICCResult "Black forfeits on time"]
[WhiteElo "1483"]
[BlackElo "1143"]
[Opening "English opening"]
[ECO "A21"]
[NIC "EO.22"]
[Time "20:28:46"]
[TimeControl "180+0"]

1. c4 e5 2. Nc3 d6 3. d3 Bf5 4. g3 Qf6 5. Bd2 c5 6. Bg2 Nc6 7. Nd5 Qd8 8. e4
Nb4 9. Bxb4 cxb4 10. exf5 Qa5 11. Qd2 Nf6 12. Nxf6+ gxf6 13. Bxb7 Rb8 14.
Bc6+ Kd8 15. a3 d5 16. Bxd5 Qa4 17. Ne2 bxa3 18. Rxa3 Bxa3 19. bxa3 Rb1+ 20.
Nc1 Qxa3 21. O-O Ke7 22. Qe3 Rhb8 23. c5 R8b2 24. Bc4 Rc2 25. Ne2 Rxf1+ 26.
Kxf1 Qa1+ 27. Kg2 Qb2 28. c6 Rxe2 29. Qc5+ Kd8 30. c7+ Kc8 31. Qf8+ Kxc7 32.
Qc5+ Kd8 33. Qd6+ Ke8 34. Qc6+ Kf8 35. Qc8+ Kg7 36. Qc5 a5 37. Kh3 Qd4 38.
Qxd4 exd4 39. f4 a4 40. Kg4 a3 41. Kf3 a2 42. Kxe2 a1=Q 43. Kf3 Qc3 44. Ke4
Qa3 45. Bd5 Qd6 46. h3 h5 47. g4 Qe7+ 48. Kf3 Qe3+ 49. Kg2 Qe2+ 50. Kg3
Qxd3+ 51. Kg2 hxg4 52. hxg4 {Black forfeits on time} 1-0

[Event "ICC Open 2015"]
[Site "Internet Chess Club"]
[Date "2015.05.30"]
[Round "9"]
[White "unkavalo"]
[Black "eddington"]
[Result "1-0"]
[ICCResult "Black forfeits on time"]
[WhiteElo "2544"]
[BlackElo "2177"]
[Opening "English: Neo-Catalan declined"]
[ECO "A14"]
[NIC "RE.09"]
[Time "20:28:12"]
[TimeControl "180+0"]

1. c4 e6 2. g3 d5 3. Bg2 Nf6 4. Nf3 Be7 5. O-O O-O 6. b3 c5 7. cxd5 Nxd5 8.
Bb2 Nc6 9. d3 Bf6 10. Qc1 b6 11. Nbd2 Bb7 12. Ne4 Bxb2 13. Qxb2 Qe7 14. Rfc1
f6 15. a3 Rac8 16. Bh3 Rcd8 17. Nc3 e5 18. Nxd5 Rxd5 19. b4 cxb4 20. axb4 a6
21. Qb3 Qf7 22. Rxa6 Bxa6 23. Rxc6 Re8 24. Rxb6 Bc8 25. Bxc8 Rxc8 26. b5
Rdd8 27. Qxf7+ Kxf7 28. Rb7+ Kf8 29. Nh4 Rc2 30. Nf5 g6 31. Nh6 Rxe2 32. b6
Rb2 33. Rf7+ Ke8 34. Rxf6 Rxd3 35. Rc6 e4 36. Ng4 Rdb3 37. Nf6+ Ke7 38. h4
e3 39. Nd5+ Kd7 40. Rc7+ Ke6 41. Nxe3 h5 42. Rg7 Kf6 43. Rc7 Rxb6 44. Nd5+
Kf5 45. Nxb6 Rxb6 46. Rc4 Rb2 47. Kg2 Kf6 48. Rf4+ Kg7 49. Re4 Rc2 50. Kf3
Rb2 51. Re2 Rb3+ 52. Kf4 Rb4+ 53. Re4 Rb5 54. f3 Rf5+ 55. Ke3 Rb5 56. g4
Rb3+ 57. Kf4 hxg4 58. fxg4 Rb1 59. Re7+ Kf6 60. Re3 Rb4+ 61. Kg3 Rb1 62.
Rf3+ Kg7 63. Re3 Rb2 64. Kf4 Rb1 65. Kg5 Rb4 66. Re7+ Kf8 67. Re6 Rb5+ 68.
Kxg6 {Black forfeits on time} 1-0

[Event "ICC Open 2015"]
[Site "Internet Chess Club"]
[Date "2015.05.30"]
[Round "10"]
[White "tmunagala"]
[Black "Osya"]
[Result "0-1"]
[ICCResult "White resigns"]
[WhiteElo "1772"]
[BlackElo "1869"]
[Opening "Queen's pawn game"]
[ECO "A45"]
[NIC "QP.07"]
[Time "20:36:12"]
[TimeControl "180+0"]

1. d4 Nf6 2. c3 c5 3. dxc5 Na6 4. b4 b6 5. cxb6 axb6 6. a3 d5 7. Nf3 Qc7 8.
g3 e5 9. Bg2 Bb7 10. O-O Bd6 11. Bg5 Ne4 12. Bd2 O-O 13. Ng5 {White resigns}
0-1

[Event "ICC Open 2015"]
[Site "Internet Chess Club"]
[Date "2015.05.30"]
[Round "10"]
[White "SirHarmony"]
[Black "Skyrmion"]
[Result "1-0"]
[ICCResult "Black checkmated"]
[WhiteElo "1565"]
[BlackElo "1650"]
[Opening "Alekhine's defense: two pawns' (Lasker's) attack"]
[ECO "B02"]
[NIC "AL.10"]
[Time "20:36:59"]
[TimeControl "180+0"]

1. e4 Nf6 2. e5 Nd5 3. c4 Nb6 4. c5 Nd5 5. Nc3 e6 6. d4 Nxc3 7. bxc3 d6 8.
cxd6 cxd6 9. exd6 Qxd6 10. Nf3 Nc6 11. Bd3 Be7 12. h4 Bd7 13. Qe2 O-O 14.
Bxh7+ Kxh7 15. Ng5+ Bxg5 16. hxg5+ Kg8 17. Qh5 f5 18. g6 Rf6 19. Qh8#
{Black checkmated}
1-0

[Event "ICC Open 2015"]
[Site "Internet Chess Club"]
[Date "2015.05.30"]
[Round "10"]
[White "DMDIS"]
[Black "ghorok"]
[Result "1-0"]
[ICCResult "Black checkmated"]
[WhiteElo "1889"]
[BlackElo "1757"]
[Opening "Ruy Lopez: modern Steinitz defense"]
[ECO "C71"]
[NIC "RL.10"]
[Time "20:37:01"]
[TimeControl "180+0"]

1. e4 e5 2. Nf3 Nc6 3. Bb5 a6 4. Ba4 d6 5. d3 Bd7 6. c3 Nf6 7. Bc2 Be7 8.
Nbd2 O-O 9. Nf1 Bg4 10. h3 Bh5 11. g4 Bg6 12. Ng3 h6 13. Qe2 d5 14. Bd2 dxe4
15. dxe4 Bc5 16. O-O-O Qe7 17. Nh4 Bh7 18. Nhf5 Bxf5 19. Nxf5 Qe6 20. g5
hxg5 21. Bb3 Qe8 22. Bxg5 Na5 23. Bxf6 gxf6 24. Qg4+ Kh8 25. Qg7#
{Black checkmated}
1-0

[Event "ICC Open 2015"]
[Site "Internet Chess Club"]
[Date "2015.05.30"]
[Round "10"]
[White "pierredams"]
[Black "Willy809"]
[Result "0-1"]
[ICCResult "White resigns"]
[WhiteElo "1907"]
[BlackElo "1730"]
[Opening "Sicilian: Alapin's variation (2.c3)"]
[ECO "B22"]
[NIC "SI.46"]
[Time "20:37:12"]
[TimeControl "180+0"]

1. e4 c5 2. c3 d6 3. d4 cxd4 4. cxd4 Nf6 5. Nc3 g6 6. Be3 Bg7 7. f3 O-O 8.
Qd2 a6 9. Bh6 b5 10. Bxg7 Kxg7 11. h4 h5 12. Bd3 Nc6 13. Nce2 Bb7 14. Nh3
Rc8 15. a3 Qb6 16. d5 Nd4 17. Nxd4 Qxd4 18. Nf4 Rc7 19. Ne2 Qb6 20. Rc1 Rfc8
21. Rxc7 Rxc7 22. g4 hxg4 23. fxg4 Nxg4 24. h5 Qf2+ 25. Kd1 Ne3+ {White
resigns} 0-1

[Event "ICC Open 2015"]
[Site "Internet Chess Club"]
[Date "2015.05.30"]
[Round "10"]
[White "Parsifal"]
[Black "ibarra"]
[Result "1-0"]
[ICCResult "Black resigns"]
[WhiteElo "2448"]
[BlackElo "2723"]
[Opening "Philidor's defense"]
[ECO "C41"]
[NIC "KP.10"]
[Time "20:36:38"]
[TimeControl "180+0"]

1. e4 e5 2. Nf3 d6 3. Bc4 Be7 4. d3 Nf6 5. Nc3 O-O 6. a3 c6 7. Ba2 h6 8. h3
Nbd7 9. g4 Nc5 10. Be3 Ne6 11. Rg1 d5 12. g5 hxg5 13. Bxg5 Nxg5 14. Nxg5 g6
15. Qf3 Kg7 16. O-O-O Nh5 17. Nxf7 Nf4 18. Nxd8 {Black resigns} 1-0

[Event "ICC Open 2015"]
[Site "Internet Chess Club"]
[Date "2015.05.30"]
[Round "10"]
[White "Ernie1"]
[Black "alico"]
[Result "0-1"]
[ICCResult "White checkmated"]
[WhiteElo "1299"]
[BlackElo "1365"]
[Opening "Levitsky attack (Queen's bishop attack)"]
[ECO "D00"]
[NIC "QP.08"]
[Time "20:37:14"]
[TimeControl "180+0"]

1. d4 d5 2. Bg5 h6 3. Bh4 Nf6 4. Bxf6 exf6 5. e3 Nc6 6. c3 Bd6 7. Nf3 O-O 8.
Bd3 f5 9. Qc2 g6 10. h4 Bd7 11. Bxf5 Bxf5 12. e4 Bxe4 13. Qd2 Re8 14. Qxh6
Bxf3+ 15. Kf1 Be2+ 16. Kg1 Bd3 17. Nd2 Qe7 18. Nf3 Qe2 19. Ng5 Qe1+ 20. Rxe1
Rxe1# {White checkmated} 0-1

[Event "ICC Open 2015"]
[Site "Internet Chess Club"]
[Date "2015.05.30"]
[Round "10"]
[White "JOHEL"]
[Black "Borknagar"]
[Result "1-0"]
[ICCResult "Black resigns"]
[WhiteElo "1719"]
[BlackElo "1911"]
[Opening "Scandinavian: Pytel-Wade variation"]
[ECO "B01"]
[NIC "SD.02"]
[Time "20:36:17"]
[TimeControl "180+0"]

1. e4 d5 2. exd5 Qxd5 3. Nc3 Qd6 4. Nf3 c6 5. d4 Nf6 6. h3 Bf5 7. Bd3 Bxd3
8. Qxd3 e6 9. O-O Be7 10. Ne5 O-O 11. Bf4 Qb4 12. a3 Qa5 13. b4 Qd8 14. Ne4
Nxe4 15. Qxe4 Nd7 16. Rad1 Nf6 17. Qf3 Nd5 18. Bc1 Bg5 19. Bb2 a5 20. c4 Nf6
21. Qg3 Bh6 22. d5 cxd5 23. cxd5 Nxd5 24. Ng4 Bg5 25. h4 Bxh4 26. Nh6+
{Black resigns}
1-0

[Event "ICC Open 2015"]
[Site "Internet Chess Club"]
[Date "2015.05.30"]
[Round "10"]
[White "LooneyBinJim"]
[Black "weezil"]
[Result "0-1"]
[ICCResult "White resigns"]
[WhiteElo "1702"]
[BlackElo "1918"]
[Opening "Robatsch (modern) defense"]
[ECO "B34"]
[NIC "KF.06"]
[Time "20:36:22"]
[TimeControl "180+0"]

1. e4 g6 2. Nf3 Bg7 3. d4 c5 4. Nc3 cxd4 5. Nxd4 Nc6 6. Be3 d6 7. Be2 Bd7 8.
O-O Nf6 9. Qd2 O-O 10. Rad1 Ng4 11. Nxc6 bxc6 12. Bxg4 Bxg4 13. f3 Be6 14.
Bh6 Qb6+ 15. Kh1 Qxb2 16. Bxg7 Kxg7 17. Rb1 Qa3 18. f4 f6 19. f5 Bf7 20. h4
Rab8 21. fxg6 hxg6 22. g4 Rxb1 23. Rxb1 Rh8 24. h5 gxh5 25. gxh5 Rxh5+ 26.
Kg2 Rg5+ 27. Kf1 Qa6+ 28. Qe2 Bc4 29. Rb3 Bxe2+ 30. Nxe2 Qxa2 31. Rb7 Kf7
32. Nd4 Qa1+ {White resigns} 0-1

[Event "ICC Open 2015"]
[Site "Internet Chess Club"]
[Date "2015.05.30"]
[Round "10"]
[White "pranav-nsk"]
[Black "klodshans"]
[Result "0-1"]
[ICCResult "White checkmated"]
[WhiteElo "1389"]
[BlackElo "1657"]
[Opening "Robatsch defense: Geller's system"]
[ECO "B07"]
[NIC "QO.17"]
[Time "20:36:32"]
[TimeControl "180+0"]

1. d4 d6 2. e4 g6 3. Nf3 Bg7 4. c3 Nc6 5. Bd3 e5 6. d5 Nce7 7. O-O f5 8. Ne1
f4 9. f3 Nf6 10. Nc2 g5 11. Nd2 O-O 12. g3 a5 13. gxf4 gxf4 14. Kh1 Kh8 15.
Rg1 Rg8 16. Nf1 Ng6 17. Ne1 Nh5 18. Qe2 Bh3 19. Ng2 Nh4 20. Nxh4 Qxh4 21.
Nd2 Bh6 22. Nb3 Rxg1+ 23. Kxg1 Rg8+ 24. Kh1 Bg2+ 25. Qxg2 Rxg2 26. Kxg2 Qe1
27. Bd2 Qh4 28. Nxa5 b6 29. Nb3 Ng3 30. Be1 Bg5 31. hxg3 fxg3 32. f4 exf4
33. Kf3 Qh5+ 34. Kg2 Bh4 35. Bd2 f3+ 36. Kf1 g2+ 37. Kg1 Bg3 38. Bf4 Qh2#
{White checkmated}
0-1

[Event "ICC Open 2015"]
[Site "Internet Chess Club"]
[Date "2015.05.30"]
[Round "10"]
[White "PJJVenegas"]
[Black "Mighty-Penguin"]
[Result "1-0"]
[ICCResult "Black resigns"]
[WhiteElo "2288"]
[BlackElo "2031"]
[Opening "QGD semi-Slav: Ekstrom variation"]
[ECO "D44"]
[NIC "SL.07"]
[Time "20:37:08"]
[TimeControl "180+0"]

1. d4 d5 2. c4 c6 3. Nf3 e6 4. Nc3 Nf6 5. Bg5 dxc4 6. e4 b5 7. e5 h6 8. Bh4
g5 9. exf6 gxh4 10. Ne5 Qxf6 11. Be2 Bb7 12. O-O h3 13. Ne4 Qd8 14. Bh5 Rh7
15. Qg4 Qe7 16. Qf4 Bg7 17. Nxf7 {Black resigns} 1-0

[Event "ICC Open 2015"]
[Site "Internet Chess Club"]
[Date "2015.05.30"]
[Round "10"]
[White "Ira57"]
[Black "fredx"]
[Result "1-0"]
[ICCResult "Black checkmated"]
[WhiteElo "1872"]
[BlackElo "1177"]
[Opening "Queen's pawn game"]
[ECO "D02"]
[NIC "QP.08"]
[Time "20:36:13"]
[TimeControl "180+0"]

1. d4 d5 2. Nf3 c6 3. e3 Nf6 4. b3 Bg4 5. Bb2 e6 6. h3 Bh5 7. Nbd2 Be7 8.
Bd3 O-O 9. Qe2 Nfd7 10. g4 Bg6 11. e4 dxe4 12. Nxe4 c5 13. O-O-O a5 14. a4
Nc6 15. dxc5 Bxe4 16. Bxe4 Bxc5 17. Bxc6 bxc6 18. Ne5 Qg5+ 19. Kb1 Nxe5 20.
Bxe5 Bb4 21. f4 Qe7 22. h4 Ba3 23. h5 h6 24. Rhg1 Qb4 25. g5 hxg5 26. Rxg5
c5 27. Rxg7+ Kh8 28. Rxf7+ Kg8 29. Rg7+ Kh8 30. Rb7+ Kg8 31. Qg4#
{Black checkmated}
1-0

[Event "ICC Open 2015"]
[Site "Internet Chess Club"]
[Date "2015.05.30"]
[Round "10"]
[White "jjosu"]
[Black "capperuccio"]
[Result "1-0"]
[ICCResult "Black resigns"]
[WhiteElo "2180"]
[BlackElo "1790"]
[Opening "Sicilian: Najdorf, 7...Be7 main line"]
[ECO "B99"]
[NIC "SI.09"]
[Time "20:36:09"]
[TimeControl "180+0"]

1. e4 c5 2. Nf3 d6 3. d4 cxd4 4. Nxd4 Nf6 5. Nc3 a6 6. Bg5 e6 7. f4 Be7 8.
Qf3 Qc7 9. O-O-O Nbd7 10. g4 b5 11. Bxf6 Nxf6 12. g5 Nd7 13. f5 Nc5 14. f6
gxf6 15. gxf6 Bf8 16. Rg1 Bd7 17. Bg2 b4 18. Nce2 Bh6+ 19. Kb1 Rg8 20. Qh5
Be3 21. Qxh7 O-O-O 22. Qxf7 Bxg1 23. Rxg1 Rdf8 24. Qh7 Rh8 25. Qg7 e5 26.
Nf5 Bxf5 27. exf5 Rhg8 28. Bd5 Rxg7 29. fxg7 Qe7 30. gxf8=Q+ Qxf8 31. Rg8
Qxg8 32. Bxg8 Ne4 33. Ng3 Nf6 34. Be6+ Kd8 35. Kc1 Ke7 36. Kd2 d5 37. h4 e4
38. Ke3 Ng4+ 39. Kd4 e3 40. Bxd5 Kf6 41. Bf3 Ne5 42. Be4 {Black resigns} 1-0

[Event "ICC Open 2015"]
[Site "Internet Chess Club"]
[Date "2015.05.30"]
[Round "10"]
[White "rovov"]
[Black "kurka56"]
[Result "1-0"]
[ICCResult "Black resigns"]
[WhiteElo "1680"]
[BlackElo "1781"]
[Opening "Réti opening"]
[ECO "A30"]
[NIC "QP.10"]
[Time "20:36:32"]
[TimeControl "180+0"]

1. Nf3 c5 2. c4 Nc6 3. g3 d6 4. Bg2 Nf6 5. O-O g6 6. Nc3 Bg7 7. d3 O-O 8.
Rb1 a5 9. a3 Bd7 10. Ne1 Rb8 11. Nc2 Ne5 12. Bd2 Bc6 13. Bxc6 Nxc6 14. b4
axb4 15. axb4 Nxb4 16. Nxb4 cxb4 17. Rxb4 Nd7 18. Nd5 Nc5 19. Bc3 Ra8 20.
Bxg7 Kxg7 21. Qb1 e6 22. Nc3 Ra3 23. Qb2 Qa5 24. Nb5+ Kg8 25. Qxa3 Qxa3 26.
Nxa3 Ra8 27. Ra1 Ra7 28. Nc2 Na6 29. Rb6 d5 30. Nb4 dxc4 31. dxc4 Ra8 32.
Nxa6 bxa6 33. Raxa6 Rc8 34. Rc6 Rb8 35. c5 {Black resigns} 1-0

[Event "ICC Open 2015"]
[Site "Internet Chess Club"]
[Date "2015.05.30"]
[Round "10"]
[White "penguingm1"]
[Black "Darnoc"]
[Result "0-1"]
[ICCResult "White resigns"]
[WhiteElo "2828"]
[BlackElo "2997"]
[Opening "QGD Slav: 4.e3 Bf5"]
[ECO "D12"]
[NIC "SL.01"]
[Time "20:36:10"]
[TimeControl "180+0"]

1. d4 d5 2. c4 c6 3. Nf3 Nf6 4. e3 Bf5 5. Nc3 e6 6. Nh4 Bg6 7. Nxg6 hxg6 8.
Qb3 Qc7 9. Bd2 Nbd7 10. Rc1 Nb6 11. c5 Nbd7 12. f4 g5 13. g3 gxf4 14. exf4
g5 15. fxg5 Ng4 16. Bf4 e5 17. dxe5 Nxc5 18. Qd1 Nxe5 19. Nxd5 cxd5 20. Qxd5
Qa5+ 21. Kf2 Ncd3+ 22. Qxd3 Nxd3+ 23. Bxd3 Be7 24. Rce1 Rd8 25. Be4 O-O
{White resigns}
0-1

[Event "ICC Open 2015"]
[Site "Internet Chess Club"]
[Date "2015.05.30"]
[Round "10"]
[White "nurmi"]
[Black "ayyadov"]
[Result "0-1"]
[ICCResult "White resigns"]
[WhiteElo "2194"]
[BlackElo "2094"]
[Opening "Sicilian defense"]
[ECO "B40"]
[NIC "SI.43"]
[Time "20:36:12"]
[TimeControl "180+0"]

1. e4 c5 2. Nf3 e6 3. c4 Nc6 4. Nc3 d6 5. Be2 e5 6. O-O g6 7. Ne1 Bg7 8. d3
Nge7 9. f4 f5 10. Rb1 O-O 11. Nc2 fxe4 12. dxe4 Nd4 13. Ne3 exf4 14. Ned5
Nxd5 15. Nxd5 g5 16. Bg4 b6 17. Bxc8 Rxc8 18. Qg4 h6 19. Bd2 Qe8 20. Rbe1
Kh7 21. Bc3 Rd8 22. h4 Qd7 23. Qh5 Qf7 24. Qg4 Qg6 25. h5 Qf7 26. g3 Be5 27.
gxf4 gxf4 28. Kh1 Rg8 29. Qh3 Rg5 30. Bxd4 Rxh5 31. Bxe5 Rxh3+ 32. Kg2 Rg8+
{White resigns}
0-1

[Event "ICC Open 2015"]
[Site "Internet Chess Club"]
[Date "2015.05.30"]
[Round "10"]
[White "bythebook"]
[Black "rookfish"]
[Result "1-0"]
[ICCResult "Black checkmated"]
[WhiteElo "1621"]
[BlackElo "1168"]
[Opening "Ruy Lopez: classical (Cordel) defense"]
[ECO "C64"]
[NIC "RL.01"]
[Time "20:36:29"]
[TimeControl "180+0"]

1. e4 e5 2. Nf3 Nc6 3. Bb5 Bc5 4. Bxc6 dxc6 5. O-O Nf6 6. Nxe5 O-O 7. d3 Qd4
8. Nf3 Qd7 9. Bg5 h6 10. Bxf6 gxf6 11. Qd2 Kh7 12. Nc3 Qg4 13. Ne2 Rg8 14.
Ng3 Bd6 15. Nd4 Bxg3 16. fxg3 c5 17. Nf5 Bxf5 18. Rxf5 Qg5 19. Rxg5 fxg5 20.
Rf1 Rg7 21. Qc3 Rag8 22. Qxc5 b6 23. Qxc7 g4 24. Rxf7 Rxf7 25. Qxf7+ Rg7 26.
Qf5+ Rg6 27. e5 Kg7 28. e6 Rf6 29. Qxg4+ Rg6 30. Qd4+ Rf6 31. Qd7+ Kg6 32.
e7 Kg7 33. e8=Q+ Rf7 34. Qexf7+ Kh8 35. Qde8# {Black checkmated} 1-0

[Event "ICC Open 2015"]
[Site "Internet Chess Club"]
[Date "2015.05.30"]
[Round "10"]
[White "Shafkat"]
[Black "NAS"]
[Result "1-0"]
[ICCResult "Black resigns"]
[WhiteElo "1660"]
[BlackElo "1730"]
[Opening "Sicilian: Najdorf, Zagreb (fianchetto) variation"]
[ECO "B91"]
[NIC "SI.14"]
[Time "20:36:45"]
[TimeControl "180+0"]

1. e4 c5 2. Nf3 d6 3. d4 cxd4 4. Nxd4 Nf6 5. Nc3 a6 6. g3 e5 7. Nde2 Be6 8.
Bg2 Qd7 9. O-O Bh3 10. Bg5 Bxg2 11. Kxg2 Be7 12. a4 Qe6 13. f4 exf4 14. Nxf4
Qc4 15. Bxf6 Bxf6 16. Nfd5 Bxc3 17. bxc3 Qxe4+ 18. Rf3 O-O 19. Nc7 Ra7 20.
Qg1 Nc6 21. Rf1 b5 22. axb5 Rxc7 23. bxc6 Rxc6 24. Re1 Qxc2+ 25. Rf2 Qxc3
26. Rfe2 Rb6 27. Qxb6 {Black resigns} 1-0

[Event "ICC Open 2015"]
[Site "Internet Chess Club"]
[Date "2015.05.30"]
[Round "10"]
[White "leonardoalmeida"]
[Black "Blondicheck"]
[Result "1-0"]
[ICCResult "Black resigns"]
[WhiteElo "1909"]
[BlackElo "1617"]
[Opening "English: Mikenas-Carls variation"]
[ECO "A18"]
[NIC "EO.64"]
[Time "20:36:53"]
[TimeControl "180+0"]

1. c4 Nf6 2. Nc3 e6 3. e4 c6 4. e5 Ng8 5. d4 d5 6. exd6 Bxd6 7. Nf3 Nf6 8.
Bd3 O-O 9. O-O Nbd7 10. Re1 Re8 11. Bg5 h6 12. Bh4 Nf8 13. a3 Ng6 14. Bxg6
fxg6 15. Qb3 Be7 16. Rad1 Ng4 17. Bxe7 Rxe7 18. d5 exd5 19. cxd5 Rxe1+ 20.
Rxe1 Qb6 21. Qc2 cxd5 22. Nxd5 Qd6 23. Ne7+ Kf7 24. Nxc8 Rxc8 25. Qxc8 g5
26. Qxg4 {Black resigns} 1-0

[Event "ICC Open 2015"]
[Site "Internet Chess Club"]
[Date "2015.05.30"]
[Round "10"]
[White "jps7"]
[Black "bennywins"]
[Result "1-0"]
[ICCResult "Black checkmated"]
[WhiteElo "1638"]
[BlackElo "1193"]
[Opening "Queen's pawn"]
[ECO "A40"]
[NIC "QO.17"]
[Time "20:36:12"]
[TimeControl "180+0"]

1. d4 c6 2. Nf3 d5 3. e3 Nd7 4. Bd3 f6 5. O-O e5 6. dxe5 fxe5 7. Be2 Ngf6 8.
b3 Bd6 9. Bb2 O-O 10. Nbd2 Re8 11. c4 Qc7 12. Rc1 Qb8 13. h3 a6 14. cxd5
cxd5 15. Qc2 e4 16. Nd4 Bh2+ 17. Kh1 Be5 18. Nf5 Bxb2 19. Qxb2 Nb6 20. Nh6+
Kf8 21. Ng4 Nxg4 22. hxg4 Qe5 23. Qc2 Qg5 24. Qc5+ Re7 25. Qxb6 Bxg4 26.
Bxg4 Qxg4 27. Qd6 Qh4+ 28. Kg1 Re8 29. Rc7 Kg8 30. Qxd5+ Kh8 31. Rxe7 Rxe7
32. g3 Qg4 33. Qd8+ Re8 34. Qxe8# {Black checkmated} 1-0

[Event "ICC Open 2015"]
[Site "Internet Chess Club"]
[Date "2015.05.30"]
[Round "10"]
[White "SlowBlitz"]
[Black "bugeyes"]
[Result "1-0"]
[ICCResult "Black forfeits on time"]
[WhiteElo "1279"]
[BlackElo "1056"]
[Opening "Queen's pawn game, Krause variation"]
[ECO "D02"]
[NIC "QP.08"]
[Time "20:36:15"]
[TimeControl "180+0"]

1. d4 d5 2. Nf3 c5 3. Bf4 e6 4. e3 Nf6 5. Bb5+ Bd7 6. Be2 Nc6 7. O-O Qc7 8.
c4 Qd8 9. dxc5 dxc4 10. Bxc4 Be7 11. a3 O-O 12. b4 e5 13. Nxe5 Bd6 14. Nxc6
Bxc6 15. Bxd6 Qd7 16. Bxf8 {Black forfeits on time} 1-0

[Event "ICC Open 2015"]
[Site "Internet Chess Club"]
[Date "2015.05.30"]
[Round "10"]
[White "Garpun"]
[Black "fito"]
[Result "1-0"]
[ICCResult "Black resigns"]
[WhiteElo "2751"]
[BlackElo "2357"]
[Opening "Queen's pawn: London system"]
[ECO "A45"]
[NIC "QP.07"]
[Time "20:36:17"]
[TimeControl "180+0"]

1. d4 Nf6 2. Bf4 d6 3. e3 g6 4. Nf3 Bg7 5. Be2 O-O 6. O-O Nbd7 7. h3 Re8 8.
Bh2 c6 9. c4 a5 10. Nc3 Qb6 11. Qc2 e5 12. Rfd1 Bf8 13. c5 dxc5 14. dxe5 Nh5
15. Ne4 Ng7 16. Rxd7 Bxd7 17. Nf6+ Kh8 18. Nxd7 Qa7 19. Ng5 Re7 20. Nxf8
Rxf8 21. e6 Rxe6 22. Nxe6 Nxe6 23. Bc4 b5 24. Bxe6 fxe6 25. Bd6 Rd8 26. Bxc5
Qd7 27. Bd4+ Kg8 28. Rc1 Rc8 29. a4 c5 30. axb5 Qxb5 31. Qe4 c4 32. Qxe6+
{Black resigns}
1-0

[Event "ICC Open 2015"]
[Site "Internet Chess Club"]
[Date "2015.05.30"]
[Round "10"]
[White "Gruble"]
[Black "JCarllsen"]
[Result "1-0"]
[ICCResult "Black forfeits on time"]
[WhiteElo "1823"]
[BlackElo "1874"]
[Opening "Caro-Kann: Goldman (Spielmann) variation"]
[ECO "B11"]
[NIC "CK.01"]
[Time "20:36:19"]
[TimeControl "180+0"]

1. e4 c6 2. Nc3 d5 3. Qf3 e6 4. exd5 cxd5 5. d4 Nf6 6. Qg3 Nc6 7. Nf3 Qb6 8.
Bb5 Bd7 9. Bxc6 Bxc6 10. O-O Qd8 11. Ne5 Rc8 12. Bg5 Be7 13. f4 Nh5 14. Qh4
g6 15. g4 Ng7 16. Qh6 Kf8 17. Bxe7+ Qxe7 18. f5 gxf5 19. gxf5 exf5 20. Rxf5
Kg8 21. Rxf7 {Black forfeits on time} 1-0

[Event "ICC Open 2015"]
[Site "Internet Chess Club"]
[Date "2015.05.30"]
[Round "10"]
[White "ChillingGuy"]
[Black "eltigrecu"]
[Result "1-0"]
[ICCResult "Black resigns"]
[WhiteElo "2324"]
[BlackElo "2000"]
[Opening "Levitsky attack (Queen's bishop attack)"]
[ECO "D00"]
[NIC "QP.08"]
[Time "20:37:09"]
[TimeControl "180+0"]

1. d4 d5 2. Bg5 Bg4 3. c4 c6 4. Nc3 dxc4 5. f3 Bh5 6. e4 Qa5 7. Bd2 e6 8.
Bxc4 Bb4 9. Nge2 Nf6 10. g4 Bg6 11. Nf4 Nbd7 12. h4 Bxc3 13. Bxc3 Qc7 14. e5
b5 15. Bb3 a5 16. h5 a4 17. Bxe6 fxe6 18. Nxe6 Qb6 19. hxg6 Nd5 20. Nxg7+
Kd8 21. Rxh7 Kc7 22. Ne6+ Kb7 23. Rxd7+ Ka6 24. Nc5+ Qxc5 25. dxc5 Rh1+ 26.
Ke2 Rh2+ 27. Kf1 Ne3+ 28. Kg1 Rg2+ 29. Kh1 Rh8+ 30. Rh7 Nxd1 31. Kxg2 Rd8
32. g7 Ne3+ 33. Kf2 Nd5 34. Rh8 Nf4 35. Rxd8 Nh3+ 36. Kg3 Ng5 37. g8=Q Nxf3
38. Kxf3 {Black resigns} 1-0

[Event "ICC Open 2015"]
[Site "Internet Chess Club"]
[Date "2015.05.30"]
[Round "10"]
[White "Bacunamatata"]
[Black "Cristhian-ator"]
[Result "1-0"]
[ICCResult "Black checkmated"]
[WhiteElo "2894"]
[BlackElo "2575"]
[Opening "Nimzo-Indian: 4.e3 c5, 5.Ne2 (Rubinstein, anti-Hübner system)"]
[ECO "E42"]
[NIC "NI.16"]
[Time "20:37:20"]
[TimeControl "180+0"]

1. d4 Nf6 2. c4 e6 3. Nc3 Bb4 4. e3 c5 5. Ne2 O-O 6. a3 Bxc3+ 7. Nxc3 b6 8.
d5 exd5 9. cxd5 d6 10. Be2 Na6 11. O-O Nc7 12. e4 Re8 13. Qc2 a6 14. Bg5 h6
15. Bh4 g5 16. Bg3 Ng4 17. Bxg4 Bxg4 18. f4 b5 19. b4 cxb4 20. axb4 Rc8 21.
Qd2 f6 22. fxg5 hxg5 23. h4 Rf8 24. hxg5 fxg5 25. Rxf8+ Kxf8 26. Rf1+ Kg8
27. e5 Ne8 28. e6 Ng7 29. Ne4 Bf5 30. Nxd6 Rc2 31. Qd4 Bg6 32. Nf7 Qe7 33.
Bd6 Qe8 34. Nxg5 Qd8 35. Rf8+ Qxf8 36. Bxf8 Nf5 37. Qf6 Nh4 38. Qg7#
{Black checkmated}
1-0

[Event "ICC Open 2015"]
[Site "Internet Chess Club"]
[Date "2015.05.30"]
[Round "10"]
[White "a-rubinstein"]
[Black "yaguaro"]
[Result "1/2-1/2"]
[ICCResult "Game drawn by repetition"]
[WhiteElo "2140"]
[BlackElo "1970"]
[Opening "Old Indian defense"]
[ECO "A42"]
[NIC "OI.07"]
[Time "20:36:28"]
[TimeControl "180+0"]

1. d4 d6 2. c4 e5 3. Nf3 e4 4. Ng5 f5 5. Nc3 Be7 6. Nh3 Nf6 7. e3 c6 8. Nf4
Na6 9. Nh5 O-O 10. Nxf6+ Bxf6 11. Qb3 Kh8 12. Bd2 Nc7 13. Be2 d5 14. cxd5
Nxd5 15. Nxd5 Qxd5 16. Qxd5 cxd5 17. Bb4 Re8 18. Rc1 Bd7 19. Kd2 Bc6 20. Rc2
a5 21. Bd6 a4 22. a3 Re6 23. Bg3 g5 24. h4 f4 25. hxg5 fxg3 26. gxf6 gxf2
27. f7 Rf6 28. Rcc1 Rxf7 29. Rcf1 Raf8 30. Bh5 Rf5 31. Be2 R5f6 32. g4 Kg7
33. Rh2 h6 34. Kc3 R8f7 35. Kd2 Rf8 36. Kc3 R8f7 37. Kd2 Kg6 38. Kc3 Kg5 39.
Rh5+ Kg6 40. Rh2 Rf8 41. Kd2 Kg5 42. Rh5+ Kg6 43. Rh2 R8f7 44. Kc3
{Game drawn by repetition}
1/2-1/2

[Event "ICC Open 2015"]
[Site "Internet Chess Club"]
[Date "2015.05.30"]
[Round "10"]
[White "smoothg"]
[Black "ShadowLike"]
[Result "1-0"]
[ICCResult "Black checkmated"]
[WhiteElo "1935"]
[BlackElo "2185"]
[Opening "Scotch gambit: Dubois-Réti defense"]
[ECO "C55"]
[NIC "KP.02"]
[Time "20:36:33"]
[TimeControl "180+0"]

1. e4 e5 2. Nf3 Nc6 3. Bc4 Nf6 4. d4 exd4 5. e5 d5 6. Bb5 Ne4 7. Nxd4 Bc5 8.
Be3 Bd7 9. Bxc6 bxc6 10. Nd2 Bxd4 11. Bxd4 c5 12. Nxe4 cxd4 13. Ng3 c5 14.
Qf3 Be6 15. O-O O-O 16. Rae1 Rb8 17. b3 c4 18. Qf4 Qb6 19. Rd1 Qa5 20. Nh5
Qxa2 21. Qg5 g6 22. Nf6+ Kg7 23. Rxd4 Qxc2 24. Rh4 Rh8 25. Qh6#
{Black checkmated}
1-0